 Dungeon Crawl Stone Soup version 0.25.1-8-g42b30a86e7 (webtiles) character file.

Game seed: 16844647937787210358

67004 DearestLeader the Severer (level 14, -4/122 HPs)
             Began as a Minotaur Gladiator on Nov 30, 2020.
             Was the Champion of Okawaru.
             Hit by a large rock thrown by a stone giant (28 damage)
             ... on level 2 of the Orcish Mines.
             The game lasted 00:43:34 (19025 turns).

DearestLeader the Severer (Minotaur Gladiator)     Turns: 19025, Time: 00:43:35

Health: -4/122     AC: 26    Str: 24    XL:     14   Next: 81%
Magic:  20/20      EV: 11    Int:  5    God:    Okawaru [******]
Gold:   1990       SH:  0    Dex:  7    Spells: 13/13 levels left

rFire    . . .     SeeInvis +   e - +7 executioner's axe "Udodd" {venom, rElec Dex-5 SInv Stlth+}
rCold    . . .     Gourm    .   (shield currently unavailable)
rNeg     . . .     Faith    .   C - +3 plate armour
rPois    +         Spirit   .   c - +2 hat
rElec    +         Reflect  .   P - +2 cloak {MR+}
rCorr    .         Harm     .   Q - +0 pair of gloves {archery}
MR       +++..                  (no boots)
Stlth    ..........             i - amulet of regeneration
HPRegen  0.70/turn              I - ring of poison resistance
MPRegen  0.17/turn              x - ring of protection from magic

@: no status effects
A: retaliatory headbutt, horns 2
a: Heroism, Finesse, Renounce Religion


You were on level 2 of the Orcish Mines.
You worshipped Okawaru.
Okawaru was exalted by your worship.
You were not hungry.

You visited 4 branches of the dungeon, and saw 21 of its levels.
You also visited: Bailey.

You collected 1990 gold pieces.

Inventory:

Hand Weapons
 e - the +7 executioner's axe "Udodd" (weapon) {venom, rElec Dex-5 SInv Stlth+}
   (Okawaru gifted it to you on level 6 of the Lair of Beasts)

   It poisons the flesh of those it strikes.
   It affects your dexterity (-5).
   It insulates you from electricity.
   It lets you see invisible.
   It makes you more stealthy.
 l - a +1 broad axe of venom
 S - a +1 morningstar of protection
Missiles
 d - 4 throwing nets (quivered)
Armour
 c - a +2 hat (worn)
 C - a +3 plate armour (worn)
 P - a +2 cloak of magic resistance (worn)
 Q - a +0 pair of gloves of archery (worn)
Jewellery
 i - an amulet of regeneration (around neck)
 x - a ring of protection from magic (right hand)
 E - an uncursed ring of protection from cold
 I - a ring of poison resistance (left hand)
 J - a +4 ring of evasion
Wands
 g - a wand of paralysis (14)
 D - a wand of flame (90)
 M - a wand of digging (1)
 T - a wand of enslavement (19)
 U - a wand of iceblast (11)
 W - a wand of random effects (17)
Scrolls
 a - 2 scrolls of enchant armour
 m - a scroll of silence
 o - 5 scrolls of blinking
 q - 4 scrolls of amnesia
 r - 3 scrolls of enchant weapon
 s - 14 scrolls of remove curse
 t - 4 scrolls of teleportation
 w - 3 scrolls of immolation
 y - a scroll of fear
 G - 4 scrolls of fog
 N - 2 scrolls of magic mapping
 R - a scroll of acquirement {unknown}
 X - 3 scrolls of noise {unknown}
 Z - a scroll of torment {unknown}
Potions
 h - 3 potions of heal wounds
 j - 3 potions of stabbing
 k - 2 potions of resistance
 n - a potion of lignification {unknown}
 u - 13 potions of curing
 v - 4 potions of might
 z - 2 potions of experience {unknown}
 A - a potion of flight {unknown}
 B - 4 potions of berserk rage
 F - a potion of cancellation {unknown}
 H - 3 potions of haste
 K - a potion of mutation
 L - 2 potions of magic {unknown}
 V - a potion of brilliance {unknown}
Miscellaneous
 p - a phantom mirror
Comestibles
 b - 10 chunks of flesh
 f - 37 rations


   Skills:
 - Level 10.5 Fighting
 * Level 19.5 Axes
 - Level 2.0 Throwing
 + Level 14.3 Armour
 - Level 10.0 Dodging
 - Level 10.2 Invocations


You had 13 spell levels left.
You didn't know any spells.
Your spell library contained the following spells:

 Spells                   Type           Power        Failure   Level  Hunger
 Corona                   Hex            #......      99%         1    ##.....
 Magic Dart               Conj           #...         99%         1    ##.....
 Blink                    Tloc           N/A          100%        2    ###....
 Call Imp                 Summ           #.......     100%        2    ###....
 Searing Ray              Conj           #.....       100%        2    ###....
 Slow                     Hex            #.......     100%        2    ###....
 Confusing Touch          Hex            #.......     100%        3    ####...
 Conjure Flame            Conj/Fire      #.......     100%        3    ####...
 Dazzling Flash           Conj/Hex       #.....       100%        3    ####...
 Gell's Gravitas          Tloc           #.........   100%        3    ####...
 Inner Flame              Hex/Fire       #.......     100%        3    ####...
 Mephitic Cloud           Conj/Pois/Air  #.......     100%        3    ####...
 Portal Projectile        Hex/Tloc       #.....       100%        3    ####...
 Cause Fear               Hex            #.........   100%        4    #####..
 Fulminant Prism          Conj/Hex       #.........   100%        4    #####..
 Iskenderun's Mystic Bla  Conj/Tloc      #.......     100%        4    #####..
 Leda's Liquefaction      Hex/Erth       #.........   100%        4    #####..
 Petrify                  Tmut/Erth      #.......     100%        4    #####..
 Metabolic Englaciation   Hex/Ice        #.........   100%        5    ######.
 Yara's Violent Unravell  Hex/Tmut       #.........   100%        5    ######.


Dungeon Overview and Level Annotations

Branches:
Dungeon (12/15)            Temple (1/1) D:5            Lair (6/6) D:9
 Shoals (0/4) Lair:4       Spider (0/4) Lair:2        Slime (0/5) Lair:6
    Orc (2/2) D:12         Bailey (visited)
    Elf: Orc:2

Altars:
Ashenzari
Cheibriados
Dithmenos
Fedhas
Gozag
Kikubaaqudgha
Nemelex Xobeh
Okawaru
Qazlal
Uskayaw
Vehumet
Wu Jian
Xom
Zin
The Shining One
Beogh

Shops:
D:7 :

Annotations:
D:5 3 runed translucent doors, aloneDruid's ghost, novice DEGl
D:6 2 runed translucent doors, CrazyMind's ghost, novice CeHu
D:9 2 transporters, Alannah's ghost, novice GrFi
Lair:2 exclusion: 2 oklob plants
Lair:4 1 runed translucent door, SeriousMike's ghost, journeyman HaAM


Innate Abilities, Weirdness & Mutations

You reflexively headbutt those who attack you in melee.
You have a pair of horns on your head.


Message History

You are too injured to fight recklessly!
Unknown command.
You barely miss the stone giant.
The stone giant is heavily wounded.
You closely miss the orc. The stone giant closely misses you.
You furiously retaliate!
You headbutt the stone giant!
An orc wizard comes into view. It is wielding a +0 dagger.
The orc closely misses you. You furiously retaliate!
You headbutt the orc. The stone giant hits you!!
* * * LOW HITPOINT WARNING * * *
An orc wizard comes into view. It is wielding a +0 dagger.
The orc hits you but does no damage.
You see here a large rock.
You cut the orc warrior into ribbons!!!
You kill the orc warrior!
Okawaru accepts your kill.
You slash the orc!
You kill the orc!
The stone giant throws a large rock.
The large rock hits you!!
You die...

... .....
..... ##
...#.## #.##
....#..#...#
..........##
.......C...#
.....oo)#
......#@###
.o...o....##
...........#
.....#.#..##
#.....#..<#
..o..#....##
#.#####....#
.# ###.##
###


You could see a stone giant (very poisoned), an orc priest, 2 orc wizards and 2
orcs.

Vanquished Creatures
  Gastronok (D:11)
  An orc warlord (Bailey)
  Snorg (D:11)
  8 hydras
  2 catoblepae (Lair:4)
  3 death yaks (Lair:4)
  An ogre mage (D:11)
  9 two-headed ogres
  3 skeletal warriors (D:12)
  2 unseen horrors (D:12)
  An orb spider (Lair:2)
  2 ugly things
  4 deep elf magi
  2 orc sorcerers (Orc:1)
  2 black mambas (Lair:6)
  4 elephants (Lair:6)
  7 spiny frogs
  3 rime drakes (Lair:4)
  2 gargoyles
  7 komodo dragons
  4 polar bears (Lair:6)
  4 hornets (Lair:6)
  A slime creature (Lair:6)
  8 dream sheep (Lair:6)
  3 blink frogs (Lair:6)
  10 hippogriffs
  11 wyverns
  14 spriggans
  52 yaks
  4 hungry ghosts
  A basilisk (Lair:4)
  A steam dragon (D:10)
  12 water moccasins
  6 porcupines
  Duvessa (D:7)
  A sky beast (D:6)
  A swamp drake (Orc:1)
  2 necrophages
  13 orc warriors
  3 black bears
  8 ice beasts
  4 boggarts (Lair:6)
  A phantom (D:8)
  16 ogres
  23 wolves
  16 centaurs
  3 big kobolds
  15 crocodiles
  Blork the orc (D:5)
  16 bullfrogs
  Dowan (D:7)
  A wyvern skeleton (D:11)
  2 water moccasin skeletons
  9 scorpions
  18 killer bees
  A howler monkey (D:8)
  7 wights
  4 centaur zombies
  10 crimson imps
  3 bullfrog zombies
  3 quasits
  8 jellies
  3 bullfrog skeletons
  8 orc priests
  4 centaur skeletons
  A gnoll shaman (D:6)
  7 hounds
  17 orc wizards
  An iron imp (Orc:1)
  6 iguanas
  12 worker ants
  A killer bee zombie (D:9)
  A hound zombie (D:6)
  A hound skeleton (D:5)
  6 gnolls
  9 adders
  5 shadow imps
  A white imp (Orc:1)
  An ooze (D:5)
  An adder skeleton (D:5)
  3 worms
  5 dart slugs
  4 leopard geckos
  74 orcs
  A ball python (D:1)
  9 bats
  5 giant cockroaches
  17 goblins
  4 hobgoblins
  18 jackals
  28 kobolds
  5 quokkas
  9 frilled lizards
  5 rats
  4 plants
663 creatures vanquished.

Vanquished Creatures (others)
  2 orcs
  8 fungi
  13 plants
23 creatures vanquished.

Grand Total: 686 creatures vanquished

Notes
Turn   | Place    | Note
-------+----------+-------------------------------------------
     0 | D:1      | DearestLeader the Minotaur Gladiator began the quest for
                  | the Orb.
     0 | D:1      | Reached XP level 1. HP: 18/18 MP: 0/0
    97 | D:1      | Reached skill level 4 in Axes
   148 | D:1      | Reached skill level 1 in Armour
   148 | D:1      | Reached XP level 2. HP: 25/25 MP: 1/1
   885 | D:2      | Reached XP level 3. HP: 28/30 MP: 2/2
   954 | D:2      | Reached skill level 5 in Axes
   995 | D:2      | Found a blossoming altar of Fedhas.
  1340 | D:3      | Found a shimmering altar of Xom.
  1362 | D:3      | Reached XP level 4. HP: 37/37 MP: 3/3
  1612 | D:3      | Reached skill level 6 in Axes
  1676 | D:3      | Reached XP level 5. HP: 42/42 MP: 4/4
  1999 | D:4      | Noticed an ogre
  2005 | D:4      | Killed an ogre
  2011 | D:4      | Noticed an ogre
  2018 | D:4      | Killed an ogre
  2018 | D:4      | Reached skill level 7 in Axes
  2018 | D:4      | Reached XP level 6. HP: 35/50 MP: 5/5
  2056 | D:4      | Found an opulent altar of Gozag.
  2362 | D:4      | Reached skill level 8 in Axes
  2426 | D:4      | Reached XP level 7. HP: 54/56 MP: 6/6
  2713 | D:5      | Entered Level 5 of the Dungeon
  2739 | D:5      | Reached skill level 5 in Armour
  2794 | D:5      | Noticed Blork the orc
  2804 | D:5      | Killed Blork the orc
  2862 | D:5      | Found a shattered altar of Ashenzari.
  2900 | D:5      | Reached skill level 9 in Axes
  3154 | D:5      | Reached XP level 8. HP: 59/66 MP: 7/7
  3269 | D:5      | Found a runed translucent gate.
  3269 | D:5      | Found a runed translucent gate.
  3269 | D:5      | Found a runed translucent gate.
  3270 | D:5      | Noticed aloneDruid's ghost (novice DEGl)
  3290 | D:5      | Found a staircase to the Ecumenical Temple.
  3295 | Temple   | Entered the Ecumenical Temple
  3306 | Temple   | Became a worshipper of Warmaster Okawaru
  3650 | D:6      | Reached skill level 1 in Invocations
  3691 | D:6      | Reached skill level 10 in Axes
  3727 | D:6      | Reached skill level 5 in Fighting
  3799 | D:6      | Reached * piety under Okawaru
  3836 | D:6      | Reached XP level 9. HP: 49/74 MP: 8/10
  4069 | D:6      | Found a runed translucent door.
  4075 | D:6      | Noticed CrazyMind's ghost (novice CeHu)
  4102 | D:6      | Found a runed translucent door.
  4172 | D:7      | Reached skill level 11 in Axes
  4211 | D:7      | Found an ancient bone altar of Kikubaaqudgha.
  4271 | D:7      | Reached ** piety under Okawaru
  4449 | D:7      | Found a sparkling altar of Nemelex Xobeh.
  4511 | D:7      | Found Oqyuwnad's Book Emporium.
  4790 | D:7      | Noticed Duvessa
  4801 | D:7      | Killed Duvessa
  4810 | D:7      | Noticed Dowan
  4812 | D:7      | Reached *** piety under Okawaru
  4827 | D:7      | Killed Dowan
  4827 | D:7      | Reached skill level 12 in Axes
  4868 | D:7      | Found a glowing golden altar of the Shining One.
  5001 | D:7      | Reached XP level 10. HP: 65/86 MP: 12/12
  5007 | D:7      | Got a crystal quarterstaff
  5007 | D:7      | Identified the +5 quarterstaff of Battle {vorpal, Str+6}
                  | (You found it on level 7 of the Dungeon)
  5406 | D:8      | Received a gift from Okawaru
  5462 | D:8      | Reached skill level 5 in Invocations
  5598 | D:8      | Noticed a two-headed ogre
  5603 | D:8      | Killed a two-headed ogre
  5603 | D:8      | Reached **** piety under Okawaru
  5652 | D:8      | Noticed a two-headed ogre
  5665 | D:8      | Killed a two-headed ogre
  5665 | D:8      | Reached skill level 13 in Axes
  6153 | D:9      | Reached ***** piety under Okawaru
  6197 | D:9      | Noticed a two-headed ogre
  6244 | D:8      | Killed a two-headed ogre
  6244 | D:8      | Received a gift from Okawaru
  6398 | D:9      | Reached XP level 11. HP: 71/95 MP: 14/14
  6441 | D:9      | Found a transporter.
  6444 | D:9      | Found a transporter.
  6444 | D:9      | Noticed Alannah's ghost (novice GrFi)
  6514 | D:9      | Found a staircase to the Lair.
  6623 | D:9      | Paralysed by an orc for 3 turns
  6665 | D:9      | You fall into a shaft and drop 1 floor!
  6665 | D:10     | Entered Level 10 of the Dungeon
  6770 | D:10     | Reached skill level 14 in Axes
  6833 | D:10     | Reached skill level 10 in Armour
  7109 | D:10     | Noticed a two-headed ogre
  7116 | D:10     | Killed a two-headed ogre
  7873 | Lair:1   | Entered Level 1 of the Lair of Beasts
  9010 | Lair:2   | Noticed an oklob plant
  9047 | Lair:2   | Found a hole to the Spider Nest.
  9047 | Lair:2   | Noticed an orb spider
  9231 | Lair:2   | Killed an orb spider
  9231 | Lair:2   | Received a gift from Okawaru
  9291 | Lair:2   | Reached skill level 10 in Fighting
  9291 | Lair:2   | Reached skill level 15 in Axes
  9377 | Lair:2   | Noticed a seven-headed hydra
  9385 | Lair:2   | Killed a seven-headed hydra
  9734 | Lair:2   | Noticed an oklob plant
 10142 | Lair:3   | Noticed a four-headed hydra
 10151 | Lair:3   | Killed a four-headed hydra
 10151 | Lair:3   | Reached XP level 12. HP: 82/106 MP: 16/16
 10547 | Lair:4   | Received a gift from Okawaru
 10821 | Lair:4   | Found a staircase to the Shoals.
 11205 | Lair:4   | Reached skill level 5 in Dodging
 11225 | Lair:4   | Found a runed translucent door.
 11252 | Lair:4   | Found a shimmering altar of Xom.
 11252 | Lair:4   | Noticed SeriousMike's ghost (journeyman HaAM)
 11291 | Lair:4   | Noticed a death yak
 11295 | Lair:4   | Noticed a death yak
 11310 | Lair:4   | Killed a death yak
 11324 | Lair:4   | Killed a death yak
 11324 | Lair:4   | Reached skill level 16 in Axes
 11374 | Lair:4   | Noticed a catoblepas
 11390 | Lair:4   | Killed a catoblepas
 11476 | Lair:4   | Noticed an eight-headed hydra
 11478 | Lair:4   | Reached ****** piety under Okawaru
 11624 | Lair:4   | Noticed a catoblepas
 12005 | Lair:4   | Killed a catoblepas
 12271 | Lair:4   | Killed an eight-headed hydra
 12275 | Lair:4   | Noticed a six-headed hydra
 12275 | Lair:4   | Noticed a death yak
 12283 | Lair:4   | Killed a six-headed hydra
 12293 | Lair:4   | Killed a death yak
 12293 | Lair:4   | Received a gift from Okawaru
 12293 | Lair:4   | Reached XP level 13. HP: 101/113 MP: 12/18
 12499 | Lair:5   | Found a stormy altar of Qazlal.
 12799 | Lair:5   | Reached skill level 17 in Axes
 13266 | Lair:6   | Entered Level 6 of the Lair of Beasts
 13454 | Lair:6   | Found a staircase to the Slime Pits.
 13529 | Lair:6   | Received a gift from Okawaru
 14029 | Lair:6   | Reached skill level 10 in Invocations
 14069 | Lair:6   | Reached skill level 18 in Axes
 14612 | Lair:6   | Reached XP level 14. HP: 93/121 MP: 20/20
 14850 | Lair:6   | Received a gift from Okawaru
 14853 | Lair:6   | Got a dazzling executioner's axe {god gift}
 14853 | Lair:6   | Identified the +7 executioner's axe "Udodd" {venom, rElec
                  | Dex-5 SInv Stlth+} (Okawaru gifted it to you on level 6 of
                  | the Lair of Beasts)
 15602 | D:11     | Found a shadowy altar of Dithmenos.
 15843 | D:11     | Noticed Snorg
 15848 | D:11     | Noticed Gastronok
 15862 | D:11     | Killed Snorg
 15872 | D:11     | Killed Gastronok
 16132 | D:11     | Received a gift from Okawaru
 16570 | D:12     | Found a flagged portal.
 16587 | Bailey   | Entered a bailey
 16592 | Bailey   | Noticed an orc warlord
 16707 | Bailey   | Found a runed translucent gate.
 16709 | Bailey   | Found a runed translucent gate.
 16803 | Bailey   | Found a runed translucent gate.
 16990 | Bailey   | Killed an orc warlord
 17178 | D:12     | Found a staircase to the Orcish Mines.
 17323 | D:12     | Reached skill level 19 in Axes
 17513 | D:12     | Received a gift from Okawaru
 18246 | Orc:1    | Entered Level 1 of the Orcish Mines
 18246 | Orc:1    | Found a roughly hewn altar of Beogh.
 18347 | Orc:1    | Reached skill level 10 in Dodging
 19009 | Orc:2    | Entered Level 2 of the Orcish Mines
 19018 | Orc:2    | Noticed a stone giant
 19025 | Orc:2    | Hit by a large rock thrown by a stone giant

Illustrated notes

Levels and vault maps discovered:
D:1:      dpeg_arrival_three_bigger_balls, layout_basic, serial_rivers,
          chequers_serial_rivers_micro_a, chequers_serial_rivers_room_b,
          chequers_serial_rivers_room_b, chequers_serial_rivers_room_a
D:2:      layout_rooms, nicolae_overflow_crystal_walls
D:3:      layout_basic, overflow_temple_1_default
D:4:      layout_cave_pools, minmay_ruined_shrine
D:5:      layout_basic, ashenzari_conservatory_becter, temple_doors_ab,
          ebering_ghost_rock_garden, first_ration, uniq_blork_the_orc
D:6:      layout_gridville, ebering_ghost_sewer_f, grunt_potential
D:7:      minmay_octagon_keep, layout_loops_ring, kiku_gazebo_pond_becter,
          lemuel_doored_altar, marbit_many_paths, serial_shops,
          nicolae_shop_trees, uniq_duvessa
D:8:      layout_cave_pools
D:9:      layout_basic, lair_entry_dummy, gammafunk_ghost_arena, the_bakery
D:10:     layout_big_octagon
D:11:     layout_irregular_city, hangedman_abyss_or_decor_clamps,
          david_defended_altar_elf, uniq_gastronok, uniq_snorg
D:12:     layout_stronghold, david_orc_2, enter_bailey_3, grunt_ministairs_10
Temple:   nicolae_temple_elliptical
Lair:1:   layout_cellular_growth, minivault_26, lemuel_fruit_fields
Lair:2:   layout_chaotic_city, nicolae_spider_entry_orb_guardian,
          minmay_lair_oklob_chamber
Lair:3:   layout_hall_layers, special_room
Lair:4:   beast_lair_carwin_large_1, layout_long_grid,
          minmay_shoals_entry_centaurs, special_room
          [special_room_mythical_zoo], ebering_ghost_xom,
          chequers_serial_rivers_small_b, grunt_forest_large_clearing_hut
Lair:5:   layout_regular_city, basic_altar
Lair:6:   minmay_lair_end_enchanted_forest, layout_regular_city,
          minmay_slime_entry_pillars, minivault_11
Orc:1:    layout_caves, basic_altar, hangedman_minor_magic
Orc:2:    st_orc_pillars, layout_caves

Skill      XL: |  1  2  3  4  5  6  7  8  9 10 11 12 13 14 |
---------------+-------------------------------------------+-----
Axes           | 4 5 6 7 8 9 10 12 13 15 16 18 19 | 19.5
Armour         | 1 2 3 4 5 7 8 9 11 12 13 14 | 14.3
Fighting       | 4 5 7 8 10 | 10.5
Invocations    | 2 4 6 7 9 10 | 10.2
Dodging        | 4 6 8 10 | 10.0
Throwing       | |  2.0

Action                   |  1- 3 |  4- 6 |  7- 9 | 10-12 | 13-15 || total
-------------------------+-------+-------+-------+-------+-------++-------
Melee: War axe           |    75 |   110 |   336 |     3 |       ||   524
       Headbutt          |    11 |    11 |    73 |   174 |   146 ||   415
       Morningstar       |       |       |       |   672 |    25 ||   697
       Quarterstaff      |       |       |       |    47 |       ||    47
       Battleaxe         |       |       |       |    31 |       ||    31
       Punch             |       |       |       |     1 |       ||     1
       Broad axe         |       |       |       |       |   400 ||   400
       Executioner's axe |       |       |       |       |   302 ||   302
Throw: Dart              |       |       |       |     3 |       ||     3
       Boomerang         |       |       |       |       |    16 ||    16
Invok: Heroism           |       |       |       |     5 |     2 ||     7
       Finesse           |       |       |       |     2 |     2 ||     4
Evoke: Wand              |       |       |       |     3 |     5 ||     8
  Use: Scroll            |       |       |       |    19 |    10 ||    29
       Potion            |       |       |       |     1 |     4 ||     5
  Eat: Chunk             |     1 |     4 |    11 |    23 |    21 ||    60
       Ration            |       |       |       |     2 |     1 ||     3
Armor: Scale mail        |    34 |    46 |       |       |       ||    80
       Plate armour      |       |    14 |   254 |   760 |   456 ||  1484
Dodge: Dodged            |    48 |    64 |   131 |   465 |   376 ||  1084
